 Dungeon Crawl Stone Soup version 0.23.2-40-g277498a001 (webtiles) character file.

Game seed: 2866198831348231535

95 Dycilia the Grave Robber (level 4, -1/33 HPs)
             Began as a Ghoul Necromancer on Aug 26, 2019.
             Slain by a worker ant (5 damage)
             ... on level 3 of the Dungeon on Sept 6, 2019.
             The game lasted 00:43:38 (4103 turns).

Dycilia the Grave Robber (Ghoul Necromancer)        Turns: 4103, Time: 00:43:38

Health: -1/33      AC:  3    Str: 11    XL:     4   Next: 65%
Magic:  2/7        EV: 11    Int: 11    God:
Gold:   162        SH:  0    Dex:  9    Spells: 4/9 levels left

rFire    . . .     SeeInvis .   p - +0 falchion
rCold    + . .     Gourm    .   (no shield)
rNeg     + + +     Faith    .   m - +0 leather armour
rPois    ∞         Spirit   .   (no helmet)
rElec    .         Reflect  .   (no cloak)
rCorr    .         Harm     .   (no gloves)
MR       .....                  (no boots)
Stlth    ++........             (no amulet)
HPRegen  0.00/turn              (no ring)
MPRegen  0.10/turn              (no ring)

@: very slightly contaminated, rotting
A: rotting body, claws 1, carnivore, cold resistance 1, negative energy
resistance 3, inhibited regeneration, torment resistance, unbreathing
a: no special abilities


You were on level 3 of the Dungeon.
You were not hungry.

You visited 1 branch of the dungeon, and saw 4 of its levels.

You collected 162 gold pieces.

Inventory:

Hand Weapons
 p - a +0 falchion (weapon)
Armour
 a - a +0 robe
 m - a +0 leather armour (worn)
Jewellery
 i - a cursed -3 ring of intelligence {unknown}
 j - an uncursed ring of magical power {unknown}
 n - an uncursed ring of stealth {unknown}
Scrolls
 b - a scroll of fear {unknown}
 e - 2 scrolls of fog
 f - 2 scrolls of enchant weapon {unknown}
 g - a scroll of immolation {unknown}
 h - 2 scrolls of identify {unknown}
 k - a scroll of amnesia {unknown}
 l - 2 scrolls of remove curse {unknown}
Potions
 d - a potion of degeneration {unknown}
Comestibles
 c - 11 rations
 o - 2 chunks of flesh


   Skills:
 + Level 0.1 Fighting
 + Level 1.8 Dodging
 * Level 3.1 Stealth
 * Level 3.1 Spellcasting
 + Level 4.5 Necromancy


You had 4 spell levels left.
You knew the following spells:

 Your Spells              Type           Power        Failure   Level  Hunger
a - Pain                  Necr           ##..         5%          1    #......
b - Animate Skeleton      Necr           N/A          5%          1    #......
c - Vampiric Draining     Necr           ##........   16%         3    ###....

Your spell library contained the following spells:

 Spells                   Type           Power        Failure   Level  Hunger
 Regeneration             Chrm/Necr      #.........   38%         3    ###....
 Animate Dead             Necr           N/A          47%         4    #####..


Dungeon Overview and Level Annotations

Branches:
Dungeon (4/15)
 Temple: D:4-7

Altars:
Makhleb
Okawaru
Wu Jian


Innate Abilities, Weirdness & Mutations

Your body is rotting away.
You thrive on raw meat.
You are immune to poison.
You have sharp fingernails.
You are carnivorous and can eat meat at any time.
Your flesh is cold resistant. (rC+)
You are immune to negative energy. (rN+++)
You do not regenerate when monsters are visible.
You are immune to unholy pain and torment.
You can survive without breathing.


Message History

The worker ant bites you.
Your orc skeleton hits the worker ant but does no damage.
Okay, then.
You swap places.
The worker ant bites you.
Your orc skeleton hits the worker ant with a +0 dagger.
Your orc skeleton hits the worker ant but does no damage.
The worker ant barely misses you.
You riposte.
You barely miss the worker ant.
The worker ant is lightly wounded.
Press: ? - help, v - describe, . - travel The floor.
Unknown command.
There is a stone staircase leading up here.
The worker ant bites you.
* * * LOW HITPOINT WARNING * * *
The worker ant closely misses you.
You climb upwards.
There is a stone staircase leading down here.
The worker ant misses you. The worker ant bites you.
You die...

#.## ####'## #.......... #.#####
##.#..# ###......#### #.....##
#.###.# ##.......## [..#...##
##.#.## #........# ..###...###
##[## #......### #
..........####.# #.....## ##
#.).).#.....##.# ##...#.## ##.
#.._..##.#<..#.#######.#...####..
#...).#.........@a......>.....'..
.........#...#.###.###.#...####(.
..###...##..##.# #.# #.##.## ##.
...#...###.###.# #.# #.#### ##
......## #.# #.# #.# #.#### #
#+###.# #.# #.# #.# #....#
#.....# #.###.###.# ####.#
#.##### #.........# #.# #.##
#####.##### ##.#######


You could see a worker ant.

Vanquished Creatures
  3 adders (D:3)
  2 leopard geckos (D:1)
  2 orcs
  A ball python (D:3)
  7 giant cockroaches
  7 goblins
  7 hobgoblins
  3 jackals (D:3)
  A quokka (D:3)
  4 bats
  A frilled lizard (D:2)
  5 kobolds
  6 rats
49 creatures vanquished.

Vanquished Creatures (collateral kills)
  A dart slug (D:1)
  A bat (D:1)
  A giant cockroach (D:1)
  2 goblins (D:1)
  2 hobgoblins (D:1)
  2 rats
9 creatures vanquished.

Vanquished Creatures (others)
  4 toadstools (D:1)
4 creatures vanquished.

Grand Total: 62 creatures vanquished

Notes
Turn   | Place    | Note
-------+----------+-------------------------------------------
     0 | D:1      | Dycilia the Ghoul Necromancer began the quest for the Orb.
     0 | D:1      | Reached XP level 1. HP: 14/14 MP: 2/2
     2 | D:1      | Learned a level 1 spell: Animate Skeleton
   162 | D:1      | Reached XP level 2. HP: 20/20 MP: 0/3
   622 | D:1      | Reached XP level 3. HP: 26/26 MP: 1/5
  1095 | D:1      | Learned a level 3 spell: Vampiric Draining
  2508 | D:3      | Found an iron altar of Okawaru.
  2783 | D:3      | Reached XP level 4. HP: 33/33 MP: 1/7
  3065 | D:3      | Found a burning altar of Makhleb.
  3514 | D:3      | Found an ornate altar of the Wu Jian Council.
  4103 | D:3      | Slain by a worker ant

Skill      XL: |  1  2  3  4 |
---------------+-------------+-----
Spellcasting   | 2 3 |  3.1
Stealth        | 3 |  3.1
Fighting       | |  0.1
Dodging        | |  1.8
Necromancy     | |  4.5

Action                   |  1- 3 |  4- 6 || total
-------------------------+-------+-------++-------
Melee: Unarmed           |    17 |    24 ||    41
       Falchion          |       |    19 ||    19
 Cast: Pain              |    95 |    35 ||   130
       Animate Skeleton  |    20 |     7 ||    27
       Vampiric Draining |       |     1 ||     1
  Use: Scroll            |     1 |       ||     1
  Eat: Chunk             |    13 |     7 ||    20
Armor: Robe              |    17 |       ||    17
       Leather armour    |     2 |    10 ||    12
Dodge: Dodged            |    34 |    24 ||    58
       Rpst.: Falchion   |       |     5 ||     5
